| TOP OF THE 1ST |
|
Danville Braves batting - Pitching for Bristol Pirates : LHP Adam Clarke
|
|
Pitching: LHP Adam Clarke
|
|
|
Batting: RHB Josh Hopp
|
0-0: Called Strike 0-1: Called Strike 0-2: Ball 1-2: Ball 2-2: Ball 3-2: Strikes out swinging
|
|
Batting: RHB Gebre-Giorgios Wangondu
|
0-0: Ball 1-0: Called Strike 1-1: Foul Ball, location: 2F 1-2: Ground out 1-3 (Groundball, 13, EV 62.5 MPH)
|
|
Batting: LHB Tamaichi Sasada
|
0-0: Ball 1-0: Called Strike 1-1: DOUBLE (Line Drive, 5D, EV 110.6 MPH)
|
|
Batting: RHB Rafael Reyes
|
0-0: Ball 1-0: Swinging Strike 1-1: Called Strike 1-2: SINGLE (Groundball, 34S, EV 73.8 MPH) (infield hit) Tamaichi Sasada to third
|
|
Batting: RHB Richard Saquic
|
0-0: Fly out, F8 (Line Drive, 89M, EV 91.2 MPH)
|
| Top of the 1st over - 0 runs, 2 hits, 0 errors, 2 left on base; Danville 0 - Bristol 0 |
| BOTTOM OF THE 1ST |
|
Bristol Pirates batting - Pitching for Danville Braves : RHP Rick Grenfell
|
|
Pitching: RHP Rick Grenfell
|
|
|
Batting: SHB Don Hauk
|
0-0: Ball 1-0: Foul Ball, location: 2F 1-1: Ball 2-1: DOUBLE (Flyball, 89D, EV 95.6 MPH)
|
|
Batting: RHB Pete Hutton
|
0-0: Called Strike Don Hauk steals 3rd base 0-1: Foul Ball, location: 2F 0-2: Foul Ball, location: 2F 0-2: Fly out, F7 (Line Drive, 78M, EV 93.8 MPH) Runner from 3rd tags up, SCORES, no throw by LF
|
|
Batting: LHB Randy Boone
|
0-0: DOUBLE (Groundball, 3L, EV 105.0 MPH)
|
|
Batting: RHB Frank Elizondo
|
0-0: Ball 1-0: Ball 2-0: Ball 3-0: Base on Balls
|
|
Batting: RHB Andrew DeRicco
|
0-0: Ball 1-0: Grounds into double play, 3-6-1 (Groundball, 13, EV 81.9 MPH)
|
| Bottom of the 1st over - 1 run, 2 hits, 0 errors, 1 left on base; Danville 0 - Bristol 1 |
| TOP OF THE 2ND |
|
Danville Braves batting - Pitching for Bristol Pirates : LHP Adam Clarke
|
|
Batting: RHB Dave Pizarro
|
0-0: Ball 1-0: Ball 2-0: Called Strike 2-1: Ball 3-1: Called Strike 3-2: Fly out, F4 (Popup, 4MS, EV 66.2 MPH)
|
|
Batting: RHB Miguel Vazquez
|
0-0: Ball 1-0: Ball 2-0: Called Strike 2-1: Ball 3-1: Foul Ball, location: 2F 3-2: Base on Balls
|
|
Batting: RHB Vicente Guillen
|
0-0: Called Strike 0-1: Called Strike 0-2: Ball 1-2: Foul Ball, location: 2F 1-2: Ball 2-2: Ball 3-2: Base on Balls Miguel Vazquez to second
|
|
Batting: RHB Rodolfo Cosme
|
0-0: Called Strike 0-1: SINGLE (Groundball, 34S, EV 82.5 MPH) (infield hit) Miguel Vazquez to third Vicente Guillen to second
|
|
Batting: RHB Josh Hopp
|
0-0: Ball 1-0: SINGLE (Groundball, 4MD, EV 102.5 MPH) (infield hit) Miguel Vazquez scores Vicente Guillen to third Rodolfo Cosme to second
|
|
Batting: RHB Gebre-Giorgios Wangondu
|
0-0: Swinging Strike 0-1: Ball 1-1: Ball 2-1: Swinging Strike 2-2: Strikes out swinging
|
|
Batting: LHB Tamaichi Sasada
|
0-0: Ball 1-0: Fly out, F8 (Flyball, 8LD, EV 96.2 MPH)
|
| Top of the 2nd over - 1 run, 2 hits, 0 errors, 3 left on base; Danville 1 - Bristol 1 |
| BOTTOM OF THE 2ND |
|
Bristol Pirates batting - Pitching for Danville Braves : RHP Rick Grenfell
|
|
Batting: RHB Alain Marquet
|
0-0: Foul Ball, location: 2F 0-1: Ball 1-1: Ball 2-1: Called Strike 2-2: Ball 3-2: Fly out, F8 (Flyball, 8RD, EV 94.4 MPH)
|
|
Batting: RHB Rob Colley
|
0-0: Called Strike 0-1: Ball 1-1: Foul Ball, location: 2F 1-2: Ball 2-2: Ground out 6-3 (Groundball, 6, EV 86.2 MPH)
|
|
Batting: RHB Gilberto Victoria
|
0-0: Ball 1-0: Ground out 6-3 (Groundball, 6, EV 102.5 MPH)
|
| Bottom of the 2nd over - 0 runs, 0 hits, 0 errors, 0 left on base; Danville 1 - Bristol 1 |
| TOP OF THE 3RD |
|
Danville Braves batting - Pitching for Bristol Pirates : LHP Adam Clarke
|
|
Batting: RHB Rafael Reyes
|
0-0: Ball 1-0: Called Strike 1-1: Foul Ball, location: 2F 1-2: Ball 2-2: Foul Ball, location: 2F 2-2: Strikes out looking
|
|
Batting: RHB Richard Saquic
|
0-0: Ball 1-0: Ball 2-0: Ball 3-0: Base on Balls
|
|
Batting: RHB Dave Pizarro
|
0-0: Ball 1-0: Called Strike 1-1: Called Strike Richard Saquic steals 2nd base 1-2: Ground out 6-3 (Groundball, P, EV 83.1 MPH) Richard Saquic to third
|
|
Batting: RHB Miguel Vazquez
|
0-0: Called Strike 0-1: Called Strike 0-2: Foul Ball, location: 2F 0-2: Ball 1-2: Ball 2-2: Ball 3-2: Foul Ball, location: 2F 3-2: Base on Balls
|
|
Pitching: RHP Onne Stubbe
|
|
|
Batting: RHB Vicente Guillen
|
0-0: Called Strike 0-1: Ball 1-1: Ball 2-1: Ball 3-1: Fielders Choice at 2nd, 6-4 (Groundball, 6, EV 87.5 MPH)
|
| Top of the 3rd over - 0 runs, 0 hits, 0 errors, 2 left on base; Danville 1 - Bristol 1 |
| BOTTOM OF THE 3RD |
|
Bristol Pirates batting - Pitching for Danville Braves : RHP Rick Grenfell
|
|
Batting: RHB Erik Mulligan
|
0-0: Foul Ball, location: 2F 0-1: Ball 1-1: SINGLE (Groundball, 56D, EV 96.2 MPH)
|
|
Batting: SHB Don Hauk
|
0-0: Ball 1-0: Called Strike 1-1: Swinging Strike 1-2: Strikes out looking
|
|
Batting: RHB Pete Hutton
|
0-0: Swinging Strike 0-1: Ball 1-1: Swinging Strike 1-2: Grounds into double play, 6-4-3 (Groundball, 6, EV 110.6 MPH)
|
| Bottom of the 3rd over - 0 runs, 1 hit, 0 errors, 0 left on base; Danville 1 - Bristol 1 |
| TOP OF THE 4TH |
|
Danville Braves batting - Pitching for Bristol Pirates : RHP Onne Stubbe
|
|
Batting: RHB Rodolfo Cosme
|
0-0: Called Strike 0-1: Ground out 5-3 (Groundball, 25, EV 85.0 MPH)
|
|
Batting: RHB Josh Hopp
|
0-0: Ball 1-0: Swinging Strike 1-1: Foul Ball, location: 2F 1-2: Foul Ball, location: 2F 1-2: Foul Ball, location: 2F 1-2: Strikes out swinging
|
|
Batting: RHB Gebre-Giorgios Wangondu
|
0-0: Ball 1-0: Foul Ball, location: 2F 1-1: Ball 2-1: Ball 3-1: Called Strike 3-2: Base on Balls
|
|
Batting: LHB Tamaichi Sasada
|
0-0: Fly out, F7 (Flyball, 7, EV 89.4 MPH)
|
| Top of the 4th over - 0 runs, 0 hits, 0 errors, 1 left on base; Danville 1 - Bristol 1 |
| BOTTOM OF THE 4TH |
|
Bristol Pirates batting - Pitching for Danville Braves : RHP Rick Grenfell
|
|
Batting: LHB Randy Boone
|
0-0: Ball 1-0: Foul Ball, location: 2F 1-1: SINGLE (Line Drive, 56, EV 96.2 MPH)
|
|
Batting: RHB Frank Elizondo
|
0-0: Ball 1-0: Ball 2-0: Ball 3-0: Called Strike 3-1: Foul Ball, location: 2F 3-2: Fly out, F9 (Flyball, 9D, EV 98.8 MPH)
|
|
Batting: RHB Andrew DeRicco
|
0-0: Ball 1-0: Called Strike Randy Boone steals 2nd base 1-1: Foul Ball, location: 2F 1-2: Foul Ball, location: 2F 1-2: Ball 2-2: 2-RUN HOME RUN (Flyball, 7D, EV 96.9 MPH), Distance : 392 ft
|
|
Batting: RHB Alain Marquet
|
0-0: SOLO HOME RUN (Flyball, 89XD, EV 98.8 MPH), Distance : 391 ft
|
|
Batting: RHB Rob Colley
|
0-0: Foul Ball, location: 2F 0-1: Ball 1-1: Ball 2-1: Ground out 4-3 (Groundball, 4, EV 79.4 MPH)
|
|
Batting: RHB Gilberto Victoria
|
0-0: Called Strike 0-1: Foul Ball, location: 2F 0-2: Strikes out swinging
|
| Bottom of the 4th over - 3 runs, 3 hits, 0 errors, 0 left on base; Danville 1 - Bristol 4 |
| TOP OF THE 5TH |
|
Danville Braves batting - Pitching for Bristol Pirates : RHP Onne Stubbe
|
|
Batting: RHB Rafael Reyes
|
0-0: Called Strike 0-1: Ball 1-1: Foul Ball, location: 2F 1-2: Fly out, F6 (Popup, P, EV 87.5 MPH)
|
|
Batting: RHB Richard Saquic
|
0-0: Ball 1-0: Ball 2-0: Called Strike 2-1: Fly out, F7 (Line Drive, 7S, EV 96.2 MPH)
|
|
Batting: RHB Dave Pizarro
|
0-0: SINGLE (Groundball, 56, EV 100.6 MPH) (infield hit)
|
|
Batting: RHB Miguel Vazquez
|
0-0: Called Strike Dave Pizarro steals 2nd base 0-1: Called Strike 0-2: Ball 1-2: Ground out 6-3 (Groundball, 6, EV 87.5 MPH)
|
| Top of the 5th over - 0 runs, 1 hit, 0 errors, 1 left on base; Danville 1 - Bristol 4 |
| BOTTOM OF THE 5TH |
|
Bristol Pirates batting - Pitching for Danville Braves : RHP Rick Grenfell
|
|
Batting: RHB Erik Mulligan
|
0-0: Foul Ball, location: 2F 0-1: Swinging Strike 0-2: Ground out 5-3 (Groundball, 56S, EV 85.0 MPH)
|
|
Batting: SHB Don Hauk
|
0-0: Foul Ball, location: 2F 0-1: Called Strike 0-2: Strikes out swinging
|
|
Batting: RHB Pete Hutton
|
0-0: Foul Ball, location: 2F 0-1: Called Strike 0-2: Foul Ball, location: 2F 0-2: Fly out, F4 (Popup, 23, EV 87.5 MPH)
|
| Bottom of the 5th over - 0 runs, 0 hits, 0 errors, 0 left on base; Danville 1 - Bristol 4 |
| TOP OF THE 6TH |
|
Danville Braves batting - Pitching for Bristol Pirates : RHP Onne Stubbe
|
|
Batting: RHB Vicente Guillen
|
0-0: Ball 1-0: Foul Ball, location: 2F 1-1: Swinging Strike 1-2: Ball 2-2: Ball 3-2: SINGLE (Groundball, 25, EV 68.1 MPH) (infield hit)
|
|
Batting: RHB Rodolfo Cosme
|
0-0: Ball Vicente Guillen steals 2nd base 1-0: Ball 2-0: Ball 3-0: Base on Balls
|
|
Batting: RHB Josh Hopp
|
0-0: Fly out, F8 (Flyball, 8LM, EV 88.8 MPH)
|
|
Batting: RHB Gebre-Giorgios Wangondu
|
0-0: Ball 1-0: Ball 2-0: Foul Ball, location: 2F 2-1: SINGLE (Line Drive, 34D, EV 100.0 MPH) Vicente Guillen to third Rodolfo Cosme to second Runner from 3rd tries for Home, SAFE, throw by RF to home Rodolfo Cosme to third Gebre-Giorgios Wangondu to second
|
|
Batting: LHB Tamaichi Sasada
|
0-0: Ball 1-0: Called Strike 1-1: Foul Ball, location: 2F 1-2: Ball 2-2: Foul Ball, location: 2F 2-2: Strikes out swinging
|
|
Batting: RHB Rafael Reyes
|
0-0: Ball 1-0: Ball 2-0: Called Strike 2-1: Ball 3-1: Foul Ball, location: 2F 3-2: Base on Balls
|
|
Batting: RHB Richard Saquic
|
0-0: Swinging Strike 0-1: Ball 1-1: SINGLE (Line Drive, 8LS, EV 94.4 MPH) Rodolfo Cosme scores Gebre-Giorgios Wangondu to third Rafael Reyes to second Runner from 3rd tries for Home, SAFE, throw by CF to home
|
|
Pitching: LHP Alfredo Carranza
|
|
|
Batting: RHB Dave Pizarro
|
0-0: Ground out 4-3 (Groundball, 4, EV 90.6 MPH)
|
| Top of the 6th over - 3 runs, 3 hits, 0 errors, 2 left on base; Danville 4 - Bristol 4 |
| BOTTOM OF THE 6TH |
|
Bristol Pirates batting - Pitching for Danville Braves : RHP Rick Grenfell
|
|
Batting: LHB Randy Boone
|
0-0: Called Strike 0-1: Ball 1-1: Ball 2-1: Fly out, F7 (Line Drive, 78M, EV 95.0 MPH)
|
|
Batting: RHB Frank Elizondo
|
0-0: Ball 1-0: Ball 2-0: Called Strike 2-1: Ground out 6-3 (Groundball, 6, EV 86.2 MPH)
|
|
Batting: RHB Andrew DeRicco
|
0-0: Foul Ball, location: 2F 0-1: Ground out 5-3 (Groundball, 56, EV 102.5 MPH)
|
| Bottom of the 6th over - 0 runs, 0 hits, 0 errors, 0 left on base; Danville 4 - Bristol 4 |
| TOP OF THE 7TH |
|
Danville Braves batting - Pitching for Bristol Pirates : LHP Alfredo Carranza
|
|
Batting: RHB Miguel Vazquez
|
0-0: Foul Ball, location: 2F 0-1: Foul Ball, location: 2F 0-2: Hit by Pitch
|
|
Batting: RHB Vicente Guillen
|
0-0: Foul Ball, location: 2F 0-1: Ball 1-1: TRIPLE (Flyball, 78XD, EV 101.2 MPH) Miguel Vazquez scores
|
|
Batting: RHB Rodolfo Cosme
|
0-0: Ball 1-0: Foul Ball, location: 2F 1-1: Ball 2-1: Called Strike 2-2: Fly out, F6 (Popup, 25, EV 87.5 MPH)
|
|
Batting: RHB Josh Hopp
|
0-0: Ball 1-0: Swinging Strike 1-1: Ball 2-1: Ball 3-1: Base on Balls
|
|
Batting: RHB Gebre-Giorgios Wangondu
|
0-0: Called Strike 0-1: Swinging Strike 0-2: Foul Ball, location: 2F 0-2: Ball 1-2: Strikes out swinging
|
|
Batting: LHB Tamaichi Sasada
|
0-0: Ball 1-0: Foul Ball, location: 2F 1-1: Ball 2-1: Ball 3-1: Called Strike 3-2: DOUBLE (Line Drive, 89D, EV 108.8 MPH) Vicente Guillen scores Josh Hopp to third Josh Hopp scores
|
|
Batting: RHB Rafael Reyes
|
0-0: Swinging Strike 0-1: Called Strike 0-2: Ball 1-2: Strikes out swinging
|
| Top of the 7th over - 3 runs, 2 hits, 0 errors, 1 left on base; Danville 7 - Bristol 4 |
| BOTTOM OF THE 7TH |
|
Bristol Pirates batting - Pitching for Danville Braves : RHP Rick Grenfell
|
|
Batting: RHB Alain Marquet
|
0-0: Called Strike 0-1: Ball 1-1: Ground out 5-3 (Groundball, 5, EV 102.5 MPH)
|
|
Batting: RHB Rob Colley
|
0-0: Ball 1-0: Ball 2-0: Called Strike 2-1: Foul Ball, location: 2F 2-2: SINGLE (Groundball, 34D, EV 99.4 MPH)
|
|
Batting: RHB Gilberto Victoria
|
0-0: Ball 1-0: Grounds into double play, 6-4-3 (Groundball, 6, EV 79.4 MPH)
|
| Bottom of the 7th over - 0 runs, 1 hit, 0 errors, 0 left on base; Danville 7 - Bristol 4 |
| TOP OF THE 8TH |
|
Danville Braves batting - Pitching for Bristol Pirates : LHP Alfredo Carranza
|
|
Batting: RHB Richard Saquic
|
0-0: Called Strike 0-1: Ball 1-1: Ball 2-1: Foul Ball, location: 2F 2-2: Foul Ball, location: 2F 2-2: Strikes out swinging
|
|
Batting: RHB Dave Pizarro
|
0-0: Swinging Strike 0-1: Swinging Strike 0-2: Ball 1-2: Ball 2-2: Ball 3-2: Strikes out swinging
|
|
Batting: RHB Miguel Vazquez
|
0-0: Foul Ball, location: 2F 0-1: Swinging Strike 0-2: Foul Ball, location: 2F 0-2: Foul Ball, location: 2F 0-2: Strikes out looking
|
| Top of the 8th over - 0 runs, 0 hits, 0 errors, 0 left on base; Danville 7 - Bristol 4 |
| BOTTOM OF THE 8TH |
|
Bristol Pirates batting - Pitching for Danville Braves : RHP Rick Grenfell
|
|
Batting: RHB Erik Mulligan
|
0-0: Called Strike 0-1: Swinging Strike 0-2: Ball 1-2: DOUBLE (Line Drive, 9LM, EV 106.9 MPH)
|
|
Batting: SHB Don Hauk
|
0-0: Called Strike 0-1: Swinging Strike 0-2: Ball 1-2: Ball 2-2: SINGLE (Groundball, 34D, EV 105.6 MPH) Erik Mulligan to third Runner from 3rd tries for Home, SAFE, throw by RF to home
|
|
Pitching: RHP Tyler Duffy
|
|
|
Batting: RHB Pete Hutton
|
0-0: Ball 1-0: Fielders Choice at 2nd, 6-4 (Groundball, 6S, EV 80.6 MPH)
|
|
Batting: LHB Randy Boone
|
0-0: Ball 1-0: Ball 2-0: Swinging Strike 2-1: Foul Ball, location: 2F 2-2: Fly out, F7 (Flyball, 7, EV 80.0 MPH)
|
|
Batting: RHB Frank Elizondo
|
0-0: Ball 1-0: Called Strike 1-1: Called Strike 1-2: Ball 2-2: Ball 3-2: SINGLE (Line Drive, 3D, EV 98.8 MPH) Pete Hutton to second Pete Hutton to third
|
|
Batting: RHB Andrew DeRicco
|
0-0: Fly out, F8 (Flyball, 78M, EV 76.2 MPH)
|
| Bottom of the 8th over - 1 run, 3 hits, 0 errors, 2 left on base; Danville 7 - Bristol 5 |
| TOP OF THE 9TH |
|
Danville Braves batting - Pitching for Bristol Pirates : LHP Alfredo Carranza
|
|
Batting: RHB Vicente Guillen
|
0-0: Foul Ball, location: 2F 0-1: Ball 1-1: Called Strike 1-2: Ground out 6-3 (Groundball, 56, EV 86.2 MPH)
|
|
Batting: RHB Rodolfo Cosme
|
0-0: Ball 1-0: Foul Ball, location: 2F 1-1: Foul Ball, location: 2F 1-2: Ball 2-2: Strikes out swinging
|
|
Batting: RHB Josh Hopp
|
0-0: Ball 1-0: SINGLE (Line Drive, 56D, EV 95.0 MPH)
|
|
Batting: RHB Gebre-Giorgios Wangondu
|
0-0: Ball Josh Hopp steals 2nd base (no throw) 1-0: SINGLE (Line Drive, 4M, EV 98.8 MPH) Josh Hopp to third Runner from 3rd tries for Home, SAFE, throw by CF to home
|
|
Pitching: RHP Otok Barleyfoot
|
|
|
Batting: LHB Tamaichi Sasada
|
0-0: Ball 1-0: SINGLE (Groundball, 34D, EV 94.4 MPH) Gebre-Giorgios Wangondu to second Runner from 2nd tries for 3rd, OUT! 9-5
|
| Top of the 9th over - 1 run, 3 hits, 0 errors, 1 left on base; Danville 8 - Bristol 5 |
| BOTTOM OF THE 9TH |
|
Bristol Pirates batting - Pitching for Danville Braves : RHP Tyler Duffy
|
|
Pitching: RHP Carlos Dominguez
|
|
|
Batting: RHB Alain Marquet
|
0-0: Ball 1-0: Called Strike 1-1: SINGLE (Groundball, 34S, EV 75.0 MPH) (infield hit)
|
|
Batting: RHB Rob Colley
|
0-0: Ball 1-0: Called Strike 1-1: Foul Ball, location: 2F 1-2: Ground out 4-3 (Groundball, 34, EV 81.2 MPH) Alain Marquet to second
|
|
Batting: RHB Gilberto Victoria
|
0-0: Ball 1-0: Ball 2-0: Fly out, F9 (Flyball, 89S, EV 96.9 MPH)
|
|
Batting: RHB Erik Mulligan
|
0-0: Ball 1-0: Foul Ball, location: 2F 1-1: Foul Ball, location: 2F 1-2: Foul Ball, location: 2F 1-2: Ball 2-2: Ball 3-2: Strikes out swinging
|
| Bottom of the 9th over - 0 runs, 1 hit, 0 errors, 1 left on base; Danville 8 - Bristol 5 |
|